 Dungeon Crawl Stone Soup version 0.18-a0-1027-g814d7dd (webtiles) character file.

5065 Ijustatesigmund the Infuser (level 10, -7/63 HPs)
             Began as a High Elf Conjurer on Jan 8, 2016.
             Was a High Priest of Okawaru.
             Mangled by a yak (11 damage)
             ... on level 9 of the Dungeon.
             The game lasted 00:39:42 (9729 turns).

Ijustatesigmund the Infuser (High Elf Conjurer)     Turns: 9729, Time: 00:39:42

Health: -7/63      AC: 11    Str:  7    XL:     10   Next: 31%
Magic:  23/23      EV: 13    Int: 22    God:    Okawaru [*****.]
Gold:   473        SH:  0    Dex: 20    Spells: 5 memorised, 10 levels left

rFire  . . .     SeeInvis .     f - +3 quarterstaff (chaos)
rCold  . . .     Gourm    +     a - +0 robe
rNeg   . . .     Faith    .     (shield currently unavailable)
rPois  .         Spirit   .     (no helmet)
rElec  .         Dismiss  .     j - +0 cloak
rCorr  .         Reflect  .     B - +1 pair of gloves
SustAt .         Harm     .     A - +2 pair of boots
MR     +....                    N - amulet of the gourmand
Stlth  ++........               G - +3 ring of protection
                                q - +3 ring of intelligence

@: somewhat resistant to hostile enchantments, unstealthy
A: no striking features
a: Heroism, Finesse, Renounce Religion


You were on level 9 of the Dungeon.
You worshipped Okawaru.
Okawaru was extremely pleased with you.
You were not hungry.

You visited 1 branch of the dungeon, and saw 9 of its levels.

You collected 473 gold pieces.

Inventory:

Hand Weapons
 d - a +1 mace of protection
 f - a +3 quarterstaff of chaos (weapon)
 I - a +0 shortbow
Missiles
 m - 14 tomahawks (quivered)
 s - 3 javelins
 v - 3 arrows of dispersal
 y - 105 arrows
Armour
 a - a +0 robe (worn)
 j - a +0 cloak (worn)
 n - a troll hide
 A - a +2 pair of boots (worn)
 B - a +1 pair of gloves (worn)
Jewellery
 q - a +3 ring of intelligence (left hand)
 t - an uncursed ring of protection from cold
 w - a +6 ring of strength
 G - a +3 ring of protection (right hand)
 M - an uncursed ring of resist corrosion
 N - an amulet of the gourmand (around neck)
Wands
 p - a wand of draining (2/15)
 z - a wand of digging (1/24)
 E - a wand of magic darts (20/48)
 F - a wand of random effects (8/48)
 H - a wand of cold (0/15)
Scrolls
 e - 4 scrolls of immolation
 x - 2 scrolls of fog
 C - a scroll of remove curse
Potions
 h - 5 potions of brilliance
 k - 2 potions of curing
 l - a potion of might
 o - a potion of heal wounds
 r - 2 potions of haste
 u - a potion of mutation {unknown}
 D - a potion of lignification {unknown}
 J - a potion of flight
 L - a potion of agility
 O - a potion of degeneration {unknown}
 Q - a potion of poison {unknown}
Books
 b - a book of Conjurations

   Spells                             Type                      Level
   a - Magic Dart                     Conjuration                  1
   b - Searing Ray                    Conjuration                  2
   c - Dazzling Spray                 Conjuration/Hexes            3
   d - Fulminant Prism                Conjuration/Hexes            4
   e - Iskenderun's Mystic Blast      Conjuration                  4
   f - Iskenderun's Battlesphere      Conjuration/Charms           5
 K - an Akashic Record

   Spells                             Type                      Level
   a - Dispersal                      Translocation                6
   b - Malign Gateway                 Summoning/Translocation      7
   c - Disjunction                    Translocation                8
   d - Controlled Blink               Translocation                8
Comestibles
 c - 6 bread rations
 g - 4 meat rations
 i - 6 royal jellies
 P - a slice of pizza


   Skills:
 - Level 4.1 Fighting
 + Level 6.9 Bows
 - Level 2.1 Dodging
 - Level 2.1 Stealth
 + Level 8.2 Spellcasting
 - Level 6.0 Conjurations
 + Level 7.1 Hexes
 + Level 8.4 Charms
 - Level 4.3 Invocations


You had 10 spell levels left.
You knew the following spells:

 Your Spells              Type           Power        Failure   Level  Hunger
a - Magic Dart            Conj           ####         1%          1    None
b - Searing Ray           Conj           #####.       1%          2    None
c - Dazzling Spray        Conj/Hex       #####...     1%          3    None
d - Iskenderun's Battles  Conj/Chrm      #####...     12%         5    #####..
e - Iskenderun's Mystic   Conj           #####...     8%          4    ###....


Dungeon Overview and Level Annotations

Branches:
Dungeon (9/15)             Temple (0/1) D:6            Lair (0/8) D:9
    Orc: D:9-12

Altars:
Ashenzari
Cheibriados
Dithmenos
Fedhas
Makhleb
Okawaru
Pakellas
Ru
Sif Muna
Vehumet
Xom
Yredelemnul
The Shining One

Shops:
D:9 :

Annotations:
D:5 HunterMK1337's ghost, novice HOFi


Message History

You are too injured to fight recklessly!
You are too injured to fight recklessly!
You are too injured to fight recklessly!
You are too injured to fight recklessly!
You are too injured to fight recklessly!
You are too injured to fight recklessly!
You are too injured to fight recklessly!
You are too injured to fight recklessly!
You are too injured to fight recklessly!
Read which item? (? for menu, Esc to quit)
As you read the scroll of fear, it crumbles to dust.
You assume a fearsome visage.
The yak looks frightened!
The yak resists with some effort.
The yak looks frightened! x2
The yak misses you.
You barely miss the yak. The yak gores you!
* * * LOW HITPOINT WARNING * * *
You hit the yak.
There is a sudden explosion of sparks!
The yak is severely wounded.
The yak gores you!
You die...

#.....>.....###...#.#
....................####
........P..##..........
###.......#..........####
#.†.....##.............
##..÷..###.........#
#####...## ##.......##
##.###.#.# #...Y..##
##.###.#.# #...@.##
##.#..)..####(.#.###
##.#.#.............#
........#####..###.#
.#.#.##...)....# .#
∩....########..# # ##.###
#..# ##.# #..# #.# #...


You could see a yak.

Vanquished Creatures
  Erolcha (D:8)
  An elephant (D:9)
  Psyche (D:8)
  A queen bee (D:8)
  A water moccasin (D:7)
  An orc warrior (D:8)
  A black bear (D:7)
  2 sky beasts
  An ice beast (D:6)
  2 phantoms
  3 ogres
  4 centaurs
  2 big kobolds (D:7)
  A giant frog (D:7)
  A gnoll sergeant (D:5)
  A wyvern skeleton (D:7)
  3 scorpions
  17 killer bees (D:8)
  A crimson imp (D:7)
  A giant frog zombie (D:6)
  A jelly (D:7)
  Crazy Yiuf (D:2)
  5 hounds
  2 orc priests
  A centaur skeleton (D:7)
  A giant frog skeleton (D:5)
  2 orc wizards
  3 iguanas
  7 worker ants
  A sheep (D:9)
  A hound zombie (D:6)
  3 hound skeletons
  4 gnolls (D:4)
  8 adders
  A shadow imp (D:6)
  2 adder zombies (D:6)
  3 adder skeletons
  A worm (D:3)
  5 giant geckos
  22 orcs
  4 ball pythons
  5 giant cockroaches
  9 goblins
  5 hobgoblins
  19 jackals
  6 quokkas
  7 bats
  12 giant newts
  18 kobolds
  10 rats
  2 fungi (D:2)
217 creatures vanquished.

Notes
Turn   | Place    | Note
--------------------------------------------------------------
     0 | D:1      | Ijustatesigmund the High Elf Conjurer began the quest for the Orb.
     0 | D:1      | Reached XP level 1. HP: 11/11 MP: 4/4
   324 | D:1      | Reached XP level 2. HP: 17/17 MP: 4/6
   340 | D:1      | Learned a level 2 spell: Searing Ray
   606 | D:1      | Reached skill level 5 in Conjurations
   787 | D:1      | Reached XP level 3. HP: 21/21 MP: 8/8
  1143 | D:2      | Noticed Crazy Yiuf
  1149 | D:2      | Killed Crazy Yiuf
  1269 | D:2      | Reached XP level 4. HP: 27/27 MP: 6/10
  1426 | D:2      | Found a blossoming altar of Fedhas.
  1631 | D:3      | Found a sacrificial altar of Ru.
  1859 | D:3      | Learned a level 3 spell: Dazzling Spray
  2133 | D:3      | Found a shimmering altar of Xom.
  2136 | D:3      | Found a shattered altar of Ashenzari.
  2139 | D:3      | Found an oddly glowing altar of Pakellas.
  2263 | D:3      | Found an iron altar of Okawaru.
  2271 | D:3      | Became a worshipper of Warmaster Okawaru
  2400 | D:3      | Reached skill level 1 in Hexes
  2406 | D:3      | Found a radiant altar of Vehumet.
  2541 | D:3      | Reached XP level 5. HP: 31/31 MP: 9/12
  2548 | D:3      | Learned a level 5 spell: Iskenderun's Battlesphere
  2828 | D:4      | Reached skill level 1 in Charms
  3245 | D:4      | Noticed an ogre
  3254 | D:4      | Killed an ogre
  3254 | D:4      | Reached skill level 6 in Conjurations
  3254 | D:4      | Reached XP level 6. HP: 36/36 MP: 6/13
  3624 | D:4      | Reached * piety under Okawaru
  3624 | D:4      | Reached skill level 1 in Fighting
  3624 | D:4      | Reached skill level 1 in Invocations
  3886 | D:5      | Entered Level 5 of the Dungeon
  3896 | D:5      | Noticed HunterMK1337's ghost (novice HOFi)
  4413 | D:6      | Noticed an ice beast
  4430 | D:6      | Killed an ice beast
  4430 | D:6      | Reached XP level 7. HP: 45/45 MP: 8/14
  4573 | D:6      | Reached ** piety under Okawaru
  4774 | D:6      | Found a staircase to the Ecumenical Temple.
  5033 | D:6      | Found a deep blue altar of Sif Muna.
  5389 | D:7      | Found a snail-covered altar of Cheibriados.
  5410 | D:7      | Reached skill level 5 in Spellcasting
  5410 | D:7      | Reached XP level 8. HP: 31/54 MP: 7/16
  6396 | D:7      | Reached *** piety under Okawaru
  6456 | D:7      | Reached skill level 1 in Bows
  6456 | D:7      | Reached skill level 5 in Charms
  6910 | D:7      | Learned a level 4 spell: Iskenderun's Mystic Blast
  7056 | D:5      | Reached skill level 5 in Hexes
  7056 | D:5      | Reached XP level 9. HP: 58/58 MP: 11/19
  7074 | D:5      | Noticed a komodo dragon
  8118 | D:8      | Noticed Psyche
  8128 | D:8      | Killed Psyche
  8355 | D:8      | Found a shadowy altar of Dithmenos.
  8362 | D:8      | Reached skill level 7 in Spellcasting
  8371 | D:8      | Reached **** piety under Okawaru
  8380 | D:8      | Noticed a queen bee
  8397 | D:8      | Received a gift from Okawaru
  8397 | D:8      | Reached skill level 5 in Bows
  8404 | D:8      | Killed a queen bee
  8865 | D:8      | Found a burning altar of Makhleb.
  8897 | D:8      | Found a basalt altar of Yredelemnul.
  9077 | D:8      | Noticed Erolcha
  9077 | D:8      | Reached XP level 10. HP: 34/63 MP: 22/22
  9093 | D:8      | Killed Erolcha
  9093 | D:8      | Reached skill level 8 in Spellcasting
  9123 | D:8      | Found a glowing golden altar of the Shining One.
  9404 | D:9      | Found Jacsim's Book Shop.
  9502 | D:9      | Found a staircase to the Lair.
  9505 | D:9      | Noticed an elephant
  9521 | D:9      | Killed an elephant
  9521 | D:9      | Reached ***** piety under Okawaru
  9729 | D:9      | Mangled by a yak

Vault maps used:
D:1:      ncdulo_lavacross, minmay_misc_feat_columns
D:2:      fedhas_altar_3, uniq_crazy_yiuf_cottage
D:3:      okawaru_gym_becter, nicolae_ru_awakened_eye,
          lemuel_coloured_pillars_altar, grunt_temple_overflow_diamond
D:4:      first_bread
D:5:      minmay_opposing_rooms, lemuel_crystal_altar
D:6:      lemuel_round_altar, minmay_temple_entry_metal_lava
D:7:      kennysheep_six_static_rooms, kennysheep_mini_moat
D:8:      overflow_temple_1_default, overflow_temple_1_default,
          lemuel_round_altar, grunt_dithmenos_smoke, david_nohive_1,
          uniq_erolcha, uniq_psyche
D:9:      david_lair_generic, serial_shops, shop

Action                   |  1- 3 |  4- 6 |  7- 9 | 10-12 || total
-------------------------+-------+-------+-------+-------++-------
Melee: Mace              |    36 |    59 |   106 |       ||   201
       Quarterstaff      |       |       |    53 |    53 ||   106
       Shortbow          |       |       |     3 |       ||     3
 Fire: Shortbow          |       |       |   114 |    20 ||   134
Throw: Tomahawk          |       |     1 |     2 |       ||     3
 Cast: Magic Dart        |    34 |   111 |    54 |       ||   199
       Searing Ray       |     1 |     6 |    32 |     2 ||    41
       Dazzling Spray    |       |       |     6 |     7 ||    13
Invok: Heroism           |       |       |     1 |     1 ||     2
Evoke: Wand              |       |       |    11 |       ||    11
  Use: Scroll            |     7 |     7 |    10 |     1 ||    25
       Potion            |       |       |     5 |       ||     5
 Stab: Sleeping          |     2 |     3 |     2 |       ||     7
       Distracted        |       |     1 |     1 |     1 ||     3
       Paralysed         |       |       |     5 |       ||     5
       Invisible         |       |       |       |     1 ||     1
  Eat: Chunk             |     1 |     7 |     5 |     1 ||    14
       Fruit             |       |     5 |       |       ||     5
       Bread ration      |       |       |     2 |       ||     2
       Royal jelly       |       |       |       |     1 ||     1
